 Dungeon Crawl Stone Soup version 0.29.0-15-g675c0067aa (webtiles) character file.

Game seed: 13837287561468028751

352 qw the Chopper (level 6, -9/38 HPs)
             Began as a Gargoyle Fighter on Sept 12, 2022.
             Killed from afar by Duvessa (20 damage)
             ... with a bolt of dispelling energy
             ... on level 4 of the Dungeon.
             The game lasted 00:01:14 (2720 turns).

qw the Chopper (Gargoyle Fighter)                   Turns: 2720, Time: 00:01:14

Health: -9/38      AC: 11    Str: 23    XL:     6   Next: 62%
Magic:  6/6        EV: 10    Int:  9    God:
Gold:   130        SH:  4    Dex:  9    Spells: 5/5 levels left

rFire   . . .      SeeInvis .   Y - +0 war axe
rCold   . . .      Faith    .   c - +0 buckler
rNeg    + . .      Spirit   .   p - +0 ring mail of the Poles {Will+ Str+2}
rPois   inf        Reflect  .   l - +0 helmet
rElec   +          Harm     .   (no cloak)
rCorr   .          Rampage  .   (no gloves)
Will    +....                   (no boots)
Stlth   ..........              n - amulet of regeneration
HPRegen 0.92/turn               (no ring)
MPRegen 0.10/turn               (no ring)

@: no status effects
A: sickness immunity, AC +4, negative energy resistance 1, electricity
resistance, torment resistance 1, petrification resistance
a: no special abilities


You were on level 4 of the Dungeon.
You visited 1 branch of the dungeon, and saw 6 of its levels.

You collected 130 gold pieces.


Innate Abilities, Weirdness & Mutations

You are immune to sickness and miasma.
Your stone body is resilient. (AC +4)
You are immune to poison.
You resist negative energy. (rN+)
You are resistant to electric shocks. (rElec)
You are resistant to unholy torment.
You are immune to petrification.


   Skills:
 - Level 4.1 Fighting
 + Level 5.7 Axes
 - Level 3.2 Armour
 - Level 1.0 Dodging
 - Level 3.2 Shields


You had 5 spell levels left.
You didn't know any spells.
Your spell library was empty.

Inventory:

Hand Weapons
 o - a +0 morningstar
 Y - a +0 war axe (weapon)
Armour
 b - a +0 scale mail
 c - a +0 buckler (worn)
 g - a +0 chain mail
 l - a +0 helmet (worn)
 p - the +0 ring mail of the Poles (worn) {Will+ Str+2}
   (You found it on level 2 of the Dungeon)

   Str:       It affects your strength (+2).
   Will:      It increases your willpower.
Jewellery
 f - a ring of fire
 n - an amulet of regeneration (around neck)
Scrolls
 a - a scroll of fog
 i - a scroll of enchant weapon {unknown}
 k - 2 scrolls of identify
Potions
 d - 2 potions of might
 e - a potion of ambrosia {unknown}
 j - a potion of curing {unknown}
 m - a potion of haste

Dungeon Overview and Level Annotations

Branches:
Dungeon (6/15)             Temple (0/1) D:6

Altars:
Kikubaaqudgha
Nemelex Xobeh
Vehumet

Shops:
D:1 *   D:3 =

Annotations:
D:4 Dowan, Duvessa, Eustachio


Message History

The hound is almost dead.
The hound bites you. The hound bites you but does no damage.
You slash the hound!
You kill the hound!
You start resting.
HP restored.
Found a stone staircase leading down.
Found an escape hatch in the ceiling.
You now have 130 gold pieces (gained 7).
Duvessa and Dowan come into view.
Duvessa is wielding a +1 short sword of venom and carrying a wand of quicksilver (10).
Duvessa shouts!
You hear a shout!
You see here 12 gold pieces.
You hit Duvessa.
Duvessa is lightly wounded.
You slash Dowan!
Duvessa zaps a wand.
The bolt of dispelling energy hits you! Dowan hits you with a +0 dagger.
You closely miss Dowan.
Dowan is moderately wounded.
You barely miss Duvessa.
Duvessa zaps a wand.
The bolt of dispelling energy hits you!
Eustachio the Magnificent comes into view.
He is wielding a +0 falchion.
Dowan barely misses you.
2719 ||| READING scroll of teleportation.
As you read the scroll of teleportation, it crumbles to dust.
You feel strangely unstable.
Duvessa says, "When magic and the sword combine, nothing stands against them."
Duvessa barely misses you. Dowan hits you but does no damage.
You slash Dowan!
Dowan is severely wounded.
You hit Duvessa but do no damage.
Duvessa zaps a wand.
The bolt of dispelling energy misses you.
Dowan says, "Magic and the sword, together, will defeat you."
Dowan hits you with a +0 dagger. Dowan barely misses you.
Duvessa zaps a wand.
The bolt of dispelling energy hits you!!
You feel strangely stable.
Ouch! That really hurt!
You die...

#..< ..#####.##.
#####.#.###..## #.##.
..$#.#...##..####.##.
#...###.##...#....#.
#...................
#....>..............
#........#..#.#####.
#.......##....# ##..
###@######.#..###.)#
#ee# #.##...#.##
...## #........#
...#. ##.......#
.....@. #.........#
....... ...#..###..##
... ... ...###. ##..#
....... ... #. ##.#
.. #. ..


You could see Eustachio, Duvessa and Dowan.

Vanquished Creatures
  3 hounds
  An orc priest (D:4)
  A jelly (D:6)
  An iguana (D:4)
  2 orc wizards
  4 adders
  3 worms
  2 dart slugs (D:3)
  6 orcs
  7 bats
  4 endoplasms
  A giant cockroach (D:1)
  6 goblins
  7 hobgoblins
  3 quokkas
  12 ball pythons
  A frilled lizard (D:3)
  6 kobolds
  9 rats
79 creatures vanquished.

Notes
Turn   | Place    | Note
-------+----------+-------------------------------------------
     0 | D:1      | qw the Gargoyle Fighter began the quest for the Orb.
     0 | D:1      | Reached XP level 1. HP: 14/14 MP: 1/1
     0 | D:1      | 0 ||| qw: Version: 0.1-a-119-g272c26d
     0 | D:1      | 0 ||| qw: Game counter: 10960
     0 | D:1      | 0 ||| qw: Always use a shield: true
     0 | D:1      | 0 ||| qw: God list: Okawaru
     0 | D:1      | 0 ||| qw: Allow faded altars: false
     0 | D:1      | 0 ||| qw: Do Orc after D:15 true
     0 | D:1      | 0 ||| qw: Do second Lair branch before Depths: true
     0 | D:1      | 0 ||| qw: Lair rune preference: random
     0 | D:1      | 0 ||| qw: Plans: Normal, Zot, God:TSO, Crypt, Tomb, Pan,
                  | Slime, Hells, Zig, Abyss, Orb
     0 | D:1      | 0 ||| PLANNING D:1-11
    28 | D:1      | Reached skill level 2 in Axes
   109 | D:1      | Reached XP level 2. HP: 19/19 MP: 2/2
   478 | D:1      | Found Ciamm's General Store.
   487 | D:1      | 487 ||| SHOPLISTING 3 scrolls of acquirement (1560 gold,
                  | have 9).
   487 | D:1      | 487 ||| SHOPLISTING scroll of identify (20 gold, have 9).
   916 | D:1      | Reached skill level 3 in Axes
  1017 | D:1      | 1017 ||| UPGRADING to +0 helmet.
  1022 | D:1      | 1022 ||| READING scroll labelled VIAGHA FUECISS.
  1023 | D:1      | 1023 ||| READING scroll labelled YGES HUCORCHAGA.
  1027 | D:1      | 1027 ||| READING scroll labelled ESOZYWK ZUHU.
  1028 | D:1      | 1028 ||| READING scroll labelled XAONTEUNYA.
  1062 | D:2      | Reached XP level 3. HP: 22/23 MP: 3/3
  1596 | D:2      | Found a faded altar of an unknown god.
  1833 | D:2      | Reached XP level 4. HP: 28/28 MP: 4/4
  1883 | D:2      | Identified the +0 ring mail of the Poles {Will+ Str+2}
  1939 | D:2      | 1939 ||| UPGRADING to +0 ring mail of the Poles {Will+
                  | Str+2}.
  1949 | D:2      | 1949 ||| UPGRADING to amulet of regeneration.
  1954 | D:2      | 1954 ||| READING scroll labelled WONAUMO PEAQ.
  1955 | D:2      | 1955 ||| READING scroll labelled TICSOI ARAIR.
  1956 | D:2      | 1956 ||| DRINKING 2 metallic coppery potions.
  1957 | D:2      | 1957 ||| READING 3 scrolls of identify.
  1957 | D:2      | 1957 ||| IDENTIFYING red potion
  1958 | D:2      | 1958 ||| READING 2 scrolls of identify.
  1958 | D:2      | 1958 ||| IDENTIFYING fizzy silvery potion
  1959 | D:2      | 1959 ||| DROPPING potion of magic.
  2144 | D:3      | Found Vauly Oni's Jewellery Emporium.
  2149 | D:3      | 2149 ||| STAIRDANCE
  2156 | D:3      | 2156 ||| STAIRDANCE
  2168 | D:3      | Reached skill level 4 in Axes
  2184 | D:3      | 2184 ||| SHOPLISTING +6 ring of strength (504 gold, have
                  | 68).
  2184 | D:3      | 2184 ||| SHOPLISTING amulet of reflection (420 gold, have
                  | 68).
  2184 | D:3      | 2184 ||| SHOPLISTING ring of fire (350 gold, have 68).
  2188 | D:3      | Found a sparkling altar of Nemelex Xobeh.
  2192 | D:3      | 2192 ||| Stepping ~*~*~tactically~*~*~ (stealth).
  2278 | D:3      | Found a radiant altar of Vehumet.
  2298 | D:3      | 2298 ||| Stepping ~*~*~tactically~*~*~ (hiding).
  2314 | D:3      | Reached XP level 5. HP: 24/32 MP: 5/5
  2326 | D:3      | 2326 ||| DROPPING +0 whip.
  2448 | D:3      | You fall into a shaft and drop 3 floors!
  2512 | D:6      | Reached skill level 5 in Axes
  2531 | D:6      | 2531 ||| READING scroll labelled HIARIO NIOJUY.
  2532 | D:6      | 2532 ||| READING scroll labelled WOQOKH EJAON.
  2533 | D:6      | 2533 ||| DRINKING 2 metallic ruby potions.
  2534 | D:6      | 2534 ||| DROPPING potion of brilliance.
  2543 | D:5      | Entered Level 5 of the Dungeon
  2543 | D:5      | Found an ancient bone altar of Kikubaaqudgha.
  2585 | D:4      | Reached skill level 1 in Dodging
  2590 | D:4      | Reached XP level 6. HP: 29/38 MP: 6/6
  2591 | D:4      | HP: 7/38 [hound (4)]
  2592 | D:4      | 2592 ||| READING 2 scrolls of teleportation.
  2592 | D:4      | HP: 2/38 [iguana (5)]
  2593 | D:4      | 2593 ||| DRINKING potion of heal wounds.
  2610 | D:4      | 2610 ||| Stepping ~*~*~tactically~*~*~ (hiding).
  2715 | D:4      | Noticed Duvessa
  2715 | D:4      | Noticed Dowan
  2718 | D:4      | HP: 9/38 [Duvessa/bolt of dispelling energy (14)]
  2718 | D:4      | Noticed Eustachio
  2719 | D:4      | 2719 ||| READING scroll of teleportation.
  2720 | D:4      | Killed from afar by Duvessa

Levels and vault maps discovered:
D:1:      matt_arrival_grand_opening, layout_basic, serial_shops,
          nicolae_shop_temple_entry_statues_fountains
D:2:      layout_loops_ring, shapermc_ecumenical_altar_pompeii,
          chequers_serial_rivers_room_b, roderic_roman_lattice,
          hangedman_decor_points, minmay_misc_feat_tower
D:3:      kennysheep_the_goblin_king, layout_loops_cross, vehumet_crystals,
          worldfamousw_hep_ancestral_shrine, nicolae_overflow_squiral,
          lemuel_doored_altar, serial_shops, shop, minmay_surrounded
D:4:      layout_rooms, serial_shops, nicolae_shop_trees,
          minmay_misc_feat_alley, uniq_natasha, uniq_eustachio, uniq_duvessa,
          uniq_menkaure
D:5:      layout_basic, overflow_temple_1_default, slow_altar_1,
          kennysheep_generic_room_15, uniq_crazy_yiuf_cottage
D:6:      layout_gridville, minmay_temple_entry_slanted, st_stairs_9,
          dk_rats_in_the_wall, uniq_sigmund

Skill      XL: |  1  2  3  4  5  6 |
---------------+-------------------+-----
Axes           | 2 3 4 5 |  5.7
Dodging        | 1 |  1.0
Fighting       | 4 |  4.1
Armour         | |  3.2
Shields        | |  3.2

Action                   |  1- 3 |  4- 6 || total
-------------------------+-------+-------++-------
Melee: War axe           |   115 |   111 ||   226
  Use: Scroll            |     4 |     8 ||    12
       Potion            |       |     3 ||     3
Armor: Scale mail        |    73 |     2 ||    75
       Ring mail         |       |    77 ||    77
Dodge: Dodged            |    50 |    72 ||   122
Block: Buckler           |    22 |    27 ||    49

Table legend:
 A = Non-vault XP
 B = Vault XP
 C = Vault XP percentage of total XP
 D = Non-vault monster count
 E = Vault monster count
 F = Vault count percentage of total count
                 A         B        C        D         E       F
            +---------+---------+-------+---------+---------+-------
      Total |     405 |      99 |  19.6 |      71 |       8 |  10.1
            +---------+---------+-------+---------+---------+-------
        D:1 |      31 |       0 |   0.0 |      19 |       0 |   0.0
        D:2 |      61 |       5 |   7.6 |      20 |       3 |  13.0
        D:3 |      71 |       9 |  11.2 |      16 |       3 |  15.8
        D:4 |     242 |       0 |   0.0 |      16 |       0 |   0.0
        D:6 |       0 |      85 | 100.0 |       0 |       2 | 100.0
            +---------+---------+-------+---------+---------+-------
